AoeStats
← phteven

Oasis

509740438Analyzed
4v4 RM · 6d ago on Sep 27, 2026· 44m 12s· 8 players
Game mode
Random Map
Map size
Large (8 player)
Population
200
Speed
Normal
Resources
Standard
Victory
Conquest
Starting age
Dark Age
Ending age
Imperial Age
RankedLock teamsTeams togetherTeam positionsShared explorationLock speedFull tech treeHidden civsTurbo modeCheats
Victory
Defeat
🇪🇸 Shu · Spain
1373
+15
🇩🇪 Britons · Germany
1358
+15
🇩🇪 Persians · Germany
1358
+15
🇨🇳 Wei · China
1354
+16
🇲🇽 Franks · Mexico
1379
-17
🇨🇴 Saxons · Colombia
1366
-16
🇲🇽 Poles · Mexico
1321
-14
🇭🇳 Mongols · Honduras
1310
-14
Mr.Brrum
7:48 Loom
10:01 Feudal Age
10:54 Double-Bit Axe
13:29 Fletching
15:13 Padded Archer Armor
21:16 Castle Age
21:18 Crossbowman
21:54 Bodkin Arrow
22:48 Bow Saw
23:08 Leather Archer Armor
26:32 Ballistics
28:39 Thumb Ring
30:12 Wheelbarrow
30:24 Town Watch
32:47 Gold Mining
35:54 Imperial Age
34:27 Gold Shaft Mining
36:34 Bracer
35:56 Arbalester
37:12 Hand Cart
37:58 Two-Man Saw
37:35 Ring Archer Armor
39:04 Chemistry
39:12 Horse Collar
39:23 Stone Mining
39:57 Conscription
40:27 Bolt Magazine
43:22 Scale Barding Armor
43:28 Forging
44:22 Scale Mail Armor
hiasele2
8:27 Loom
10:52 Feudal Age
14:57 Castle Age
13:06 Double-Bit Axe
13:46 Horse Collar
16:20 Scale Barding Armor
21:26 Forging
24:51 Bow Saw
27:34 Bloodlines
29:29 Chain Barding Armor
33:26 Iron Casting
35:46 Wheelbarrow
35:23 Husbandry
37:53 Hand Cart
39:43 Light Cavalry
42:55 Imperial Age
41:15 Fletching
41:38 Gold Mining
41:38 Stone Mining
43:46 Plate Barding Armor
43:28 Cavalier
牛比无极限
6:59 Loom
9:23 Feudal Age
10:45 Double-Bit Axe
10:43 Horse Collar
11:48 Wheelbarrow
13:41 Scale Barding Armor
20:42 Castle Age
20:37 Bloodlines
21:22 Forging
22:10 Bow Saw
22:03 Heavy Plow
21:58 Gold Mining
24:00 Chain Barding Armor
26:05 Iron Casting
30:26 Husbandry
34:09 Imperial Age
33:05 Hand Cart
35:39 Crop Rotation
36:20 Blast Furnace
34:49 Heavy Hei Guang Cavalry
38:40 Ming Guang Armor
38:36 Conscription
39:48 Caravan
phteven
6:34 Loom
9:17 Feudal Age
15:58 Fletching
27:01 Castle Age
25:09 Double-Bit Axe
26:00 Padded Archer Armor
27:02 Crossbowman
27:40 Bodkin Arrow
32:49 Gold Mining
Viva Cristo
6:06 Loom
10:02 Feudal Age
10:43 Double-Bit Axe
15:38 Fletching
18:28 Padded Archer Armor
23:06 Castle Age
23:09 Crossbowman
23:51 Bodkin Arrow
24:24 Horse Collar
25:59 Ballistics
26:17 Ballistics
29:13 Bow Saw
30:09 Leather Archer Armor
30:39 Gold Mining
34:00 Gold Shaft Mining
34:56 Wheelbarrow
36:02 Thumb Ring
40:18 Imperial Age
41:59 Chemistry
41:00 Bracer
41:19 Arbalester
42:50 Heavy Plow
TheHornyGuy
6:32 Loom
8:48 Feudal Age
9:57 Double-Bit Axe
27:30 Scale Mail Armor
29:21 Forging
32:50 Castle Age
34:44 Bow Saw
Francisco Morazán
10:19 Feudal Age
11:12 Loom
14:15 Castle Age
12:09 Double-Bit Axe
12:10 Horse Collar
15:47 Bow Saw
15:41 Heavy Plow
20:00 Scale Barding Armor
21:35 Bloodlines
22:14 Forging
23:12 Gold Mining
25:34 Chain Barding Armor
27:14 Iron Casting
30:10 Husbandry
31:16 Wheelbarrow
36:12 Fletching
37:41 Bodkin Arrow
[GDL] R_Oak
6:50 Loom
9:08 Feudal Age
10:19 Double-Bit Axe
10:15 Horse Collar
22:33 Castle Age
21:01 Scale Barding Armor
21:35 Bloodlines
21:53 Forging
23:44 Chain Barding Armor
23:39 Gold Mining
24:11 Heavy Plow
26:26 Bow Saw
27:56 Husbandry
32:47 Szlachta Privileges
34:00 Wheelbarrow
36:39 Iron Casting
38:43 Hand Cart
44:17 Imperial Age
Connection lost

Rejoining the realm…

Still unreachable

The connection could not be restored.

Session expired

The server has moved on; the page needs a fresh start.